Map: Winter's Gate LE

Players

pHARM

  • Race: Zerg Zerg
  • League: Platinum
  • Spawn Location: 5:00

lIIIlIIlllII - Winner!

  • Race: Protoss Protoss
  • League: Diamond
  • Spawn Location: 11:00

VOD

Have the link to the VOD?

Description

Time

  • Played on: Oct. 7, 2019, 8:17 a.m.
  • Length: 11:35
Show
View Real Time Build Order
Export as new Build Order

pHARM Zerg 

Build Orders: Hatch First, Swarm Host 

Get SALT Encoding   

  12  0:01  Drone  
  13  0:18  Overlord  
  13  0:20  Drone  
  14  0:38  Drone x2  
  16  0:58  Drone x2  
  18  1:04  Hatchery  
  17  1:13  Spawning Pool  
  17  1:14  Drone  
  17  1:35  Drone x3  
  20  1:43  Extractor  
  19  1:51  Overlord  
  19  2:10  Drone x2  
  21  2:19  Drone x2  
  21  2:20  Queen x2  
  27  2:38  Drone x2  
  29  2:45  Drone x2  
  31  2:57  Metabolic Boost  
  31  2:59  Zergling x2  
  31  3:00  Zergling x2  
  31  3:03  Drone x2  
  35  3:13  Drone  
  35  3:14  Overlord  
  36  3:33  Drone x6  
  42  3:38  Lair  
  42  3:49  Hatchery  
  44  3:55  Drone x3  
  44  3:59  Overlord x2  
  44  4:36  Extractor  
  44  4:37  Extractor  
  42  4:52  Infestation Pit  
  41  4:54  Overlord x2  
  41  4:55  Overlord x4  
  41  4:58  Drone  
  41  4:59  Drone x3  
  45  5:07  Queen  
  45  5:08  Queen x2  
  51  5:29  Drone x4  
  51  5:30  Drone x6  
  61  6:15  Zergling x24  
  61  6:16  Zergling x6  
  75  6:27  Extractor  
  75  6:29  Queen x2  
  78  6:43  Swarm Host x8  
  102  6:47  Overlord x3  
  102  6:54  Hatchery  
  101  7:16  Nydus Network  
  100  7:28  Swarm Host  
  100  7:29  Swarm Host x5  
  118  7:36  Drone x6  
  118  7:37  Drone x5  
  129  7:39  Extractor  
  129  7:41  Extractor  
  129  7:42  Overlord x2  
  129  7:43  Overlord  
  127  8:31  Nydus Canal  
  127  9:04  Nydus Canal  
  127  9:15  Evolution Chamber  
  126  9:17  Evolution Chamber  
  126  9:20  Hydralisk Den  
  124  9:54  Nydus Canal  
  124  10:14  Swarm Host  
  124  10:16  Overlord  
  124  10:17  Overlord x13  
  118  10:32  Queen  
  95  10:52  Swarm Host x9  
  95  10:53  Swarm Host  
Show
View Real Time Build Order
Export as new Build Order

lIIIlIIlllII Protoss - Winner!

Build Orders: 1 Gate Expand, Zealot Archon 

Get SALT Encoding   

  12  0:01  Probe  
  13  0:13  Probe  
  14  0:20  Pylon  
  14  0:25  Probe  
  15  0:38  Probe  
  16  0:44  Gateway  
  16  0:50  Probe  
  17  1:02  Probe  
  18  1:14  Probe  
  19  1:18  Nexus  
  19  1:42  Pylon  
  19  1:43  Probe  
  19  1:45  Assimilator  
  20  1:55  Cybernetics Core  
  20  1:56  Forge  
  20  2:00  Probe  
  21  2:01  Assimilator  
  21  2:05  Zealot  
  23  2:12  Probe  
  24  2:24  Probe (Chrono Boost)  
  25  2:30  Probe (Chrono Boost)  
  25  2:34  Warp Gate (Chrono Boost)  
  25  2:36  Probe (Chrono Boost)  
  27  2:41  Probe (Chrono Boost)  
  27  2:44  Probe (Chrono Boost)  
  29  2:45  Stalker  
  29  2:46  Probe (Chrono Boost)  
  29  2:50  Probe  
  32  2:56  Assimilator  
  32  2:57  Probe  
  34  3:02  Probe  
  34  3:04  Protoss Ground Weapons Level 1 (Chrono Boost)  
  35  3:09  Probe  
  36  3:14  Probe  
  36  3:16  Zealot  
  39  3:21  Probe  
  39  3:22  Assimilator  
  39  3:26  Probe  
  41  3:33  Probe  
  42  3:38  Probe  
  43  3:45  Probe  
  43  3:47  Twilight Council  
  44  3:51  Probe  
  45  3:56  Pylon  
  45  3:57  Probe  
  46  4:10  Pylon  
  46  4:15  Pylon  
  46  4:28  Probe x2  
  48  4:34  Nexus, Stalker  
  50  4:40  Probe x2  
  50  4:44  Templar Archives  
  52  4:56  Gateway  
  52  4:57  Gateway  
  52  5:00  Gateway  
  52  5:02  Gateway x2  
  52  5:04  Protoss Ground Weapons Level 2 (Chrono Boost)  
  52  5:07  Gateway  
  52  5:09  Gateway  
  52  5:15  Charge (Chrono Boost)  
  52  5:23  Probe x2  
  54  5:30  High Templar  
  54  5:35  Probe x2  
  57  5:39  Pylon  
  57  5:41  Pylon  
  58  5:45  Pylon  
  58  5:47  Probe  
  58  5:48  Pylon, Probe  
  60  5:50  Probe  
  60  5:54  High Templar x2  
  60  5:55  High Templar  
  60  5:56  High Templar x2  
  71  5:59  Probe  
  71  6:00  Probe  
  71  6:02  Probe, High Templar  
  76  6:05  Archon x3  
  76  6:07  High Templar  
  76  6:08  Zealot  
  80  6:11  Probe, Archon  
  81  6:19  Probe x2  
  81  6:23  Probe  
  84  6:29  Assimilator  
  84  6:31  Pylon, Probe x2  
  86  6:33  Pylon, Assimilator  
  86  6:36  Probe, Nexus  
  86  6:37  Robotics Facility  
  87  6:43  Probe x2  
  89  6:48  Probe  
  89  6:49  High Templar x2  
  89  6:50  Zealot x3  
  100  6:55  Probe x2  
  100  7:00  Probe  
  103  7:02  Archon  
  103  7:04  Stalker  
  103  7:05  Stalker  
  103  7:06  Zealot  
  103  7:07  Probe  
  110  7:20  Pylon  
  110  7:23  Pylon  
  110  7:26  Observer (Chrono Boost), Pylon  
  110  7:29  Pylon  
  111  7:31  Probe x2  
  111  7:32  Pylon, Probe  
  111  7:35  Pylon  
  114  7:40  Pylon  
  114  7:41  High Templar x4, Assimilator  
  114  7:43  Pylon, Probe  
  114  7:44  Protoss Ground Weapons Level 3 (Chrono Boost), Probe x2  
  125  7:45  Archon x2  
  125  7:46  Assimilator  
  125  7:50  Pylon  
  125  7:53  Pylon  
  125  7:54  Probe  
  125  7:55  Probe  
  125  7:56  Probe x2  
  129  8:06  Probe  
  123  8:20  High Templar x2  
  123  8:21  Zealot, High Templar  
  123  8:22  Zealot x4  
  139  8:31  Probe x2  
  139  8:32  Probe x2  
  143  8:43  Probe x2  
  143  8:44  Probe x2  
  136  8:55  Probe  
  136  8:59  Nexus  
  123  9:09  Nexus  
  117  9:11  High Templar x4  
  117  9:12  Pylon, High Templar x2  
  117  9:13  Zealot x2  
  117  9:14  Pylon  
  133  9:22  Pylon  
  133  9:24  Pylon  
  133  9:27  Assimilator  
  133  9:28  Gateway  
  133  9:29  Gateway  
  133  9:30  Gateway  
  133  9:31  Assimilator  
  133  9:33  Gateway x2  
  133  9:38  Gateway  
  133  9:40  Gateway  
  133  9:43  Archon x3  
  133  9:44  Gateway, Assimilator  
  125  9:46  High Templar x5  
  125  9:47  Zealot x3, Assimilator  
  125  9:48  Gateway  
  125  9:51  Gateway  
  139  9:54  Gateway  
  139  9:58  Gateway  
  139  10:02  Archon  
  139  10:03  Archon  
  139  10:10  Zealot x2  
  139  10:11  Zealot  
  145  10:18  Probe  
  145  10:19  Probe x4  
  150  10:21  Zealot x4  
  150  10:22  Zealot x2  
  150  10:23  Zealot  
  150  10:26  Zealot  
  166  10:29  Zealot x2  
  166  10:31  Probe x4  
  166  10:32  Zealot x3  
  166  10:33  Zealot  
  149  10:56  High Templar x6  
  149  10:57  High Templar x3  
  163  10:58  Zealot x4  
  163  10:59  Zealot x6  
  163  11:00  Zealot  
  163  11:02  Archon x3  
  163  11:03  Archon  
Tags
 
Add a new tag
Caveats
  • Supply blocks, unpowered buildings, or Contaminate may cause inaccurate times.
  • Supply counts are checked every 10 seconds.